 Dungeon Crawl Stone Soup version 0.24.0-1-gfbc8707122 (webtiles) character file.

Game seed: 9510791788575853629, levelgen mode: deterministic

211 LostNumber the Cudgeler (level 5, -1/33 HPs)
             Began as a Gargoyle Gladiator on Oct 26, 2019.
             Killed from afar by an orc wizard (11 damage)
             ... with a puff of frost
             ... on level 3 of the Dungeon on Oct 27, 2019.
             The game lasted 00:07:05 (1744 turns).

LostNumber the Cudgeler (Gargoyle Gladiator)        Turns: 1744, Time: 00:07:06

Health: -1/33      AC: 10    Str: 18    XL:     5   Next: 88%
Magic:  5/5        EV: 11    Int:  9    God:
Gold:   115        SH:  0    Dex: 11    Spells: 4/4 levels left

rFire    . . .     SeeInvis .   t - +2 quarterstaff (speed)
rCold    . . .     Gourm    .   (shield currently unavailable)
rNeg     + . .     Faith    .   r - +0 ring mail
rPois    ∞         Spirit   .   c - +0 helmet
rElec    +         Reflect  .   (no cloak)
rCorr    .         Harm     .   (no gloves)
MR       .....                  (no boots)
Stlth    +.........             (no amulet)
HPRegen  0.11/turn              (no ring)
MPRegen  0.09/turn              (no ring)

@: no status effects
A: negative energy resistance 1, electricity resistance, unbreathing,
petrification resistance, rot immunity, AC +4
a: no special abilities


You were on level 3 of the Dungeon.
You were not hungry.

You visited 1 branch of the dungeon, and saw 3 of its levels.

You collected 115 gold pieces.

Inventory:

Hand Weapons
 a - a +0 flail
 t - a +2 quarterstaff of speed (weapon)
   (You found it on level 3 of the Dungeon)
Missiles
 d - 3 throwing nets (quivered) {!f}
Armour
 b - a +0 leather armour
 c - a +0 helmet (worn)
 r - a +0 ring mail (worn)
   (You took it off a hobgoblin on level 2 of the Dungeon)
Jewellery
 j - an uncursed ring of magical power {unknown}
   (You found it on level 2 of the Dungeon)
Scrolls
 f - 2 scrolls of identify {unknown}
 i - 2 scrolls of teleportation {unknown}
 m - a scroll of remove curse {unknown}
 o - a scroll of magic mapping {unknown}
 p - a scroll of enchant weapon {unknown}
Potions
 g - a potion of heal wounds {unknown}
 h - a potion of might {unknown}
 k - a potion of cancellation {unknown}
 l - 2 potions of ambrosia {unknown}
 n - a potion of brilliance {unknown}
 s - a potion of berserk rage {unknown}
Comestibles
 e - 4 rations {!d}
 q - 5 chunks of flesh


   Skills:
 + Level 4.1 Fighting
 * Level 5.5 Maces & Flails
 - Level 1.7 Throwing
 - Level 2.4 Dodging


You had 4 spell levels left.
You didn't know any spells.
Your spell library was empty.

Dungeon Overview and Level Annotations

Branches:
Dungeon (3/15)

Altars:


Innate Abilities, Weirdness & Mutations

You are resistant to torment.
Your stone body is resilient. (AC +4)
You are immune to poison.
You resist negative energy. (rN+)
You are resistant to electric shocks. (rElec)
You can survive without breathing.
You are immune to petrification.
You are immune to rotting.


Message History

The orc wizard hits you but does no damage.
The orc wizard looks braver for a moment.
The orc wizard barely misses you.
The orc wizard hits you but does no damage.
Items here: )))) [[ †† Unknown command.
You barely miss the orc wizard.
The orc wizard hits you but does no damage.
You miss the orc wizard.
You hit the orc wizard but do no damage.
The orc wizard barely misses you.
Some of the chunks of flesh in your inventory have rotted away.
You barely miss the orc wizard.
The orc wizard hits you but does no damage.
You thump the orc wizard!
The orc wizard mumbles some strange words.
The orc wizard seems to speed up.
The orc wizard gestures wildly while chanting.
The orc wizard flickers and vanishes!
Deactivating autopickup; reactivate with Ctrl-A.
You barely miss the orc wizard. The orc wizard casts a spell at you.
The puff of frost hits you!
You closely miss the orc wizard. The orc wizard casts a spell at you.
The puff of frost misses you.
You closely miss the orc wizard.
The orc wizard hits you but does no damage.
You hear some strange, mumbled words.
You miss the orc wizard.
The orc wizard hits you but does no damage.
You sock the orc wizard!
You kill the orc wizard!
Your Fighting skill increases to level 4!
You hear some strange, mumbled words.
A puff of frost appears from out of thin air!
The puff of frost hits you.
* * * LOW HITPOINT WARNING * * *
Unknown command.
You hit the orc. You barely miss something.
You hear some strange, mumbled words.
A puff of frost appears from out of thin air!
The puff of frost hits you.
* * * LOW HITPOINT WARNING * * *
You miss something.
You hear some strange, mumbled words.
A puff of frost appears from out of thin air!
The puff of frost hits you!
You die...

#.# #.##
#..# ##.#
#.# #.#
#.# #.#
#@#
..######{#


o..ooo.oo# ...####### You could see 2 orcs.

Vanquished Creatures
  2 orc wizards (D:3)
  Robin (D:2)
  5 adders
  2 oozes (D:1)
  A worm (D:3)
  5 dart slugs
  A leopard gecko (D:3)
  3 orcs (D:3)
  A ball python (D:3)
  5 bats
  5 giant cockroaches
  10 goblins (D:2)
  12 hobgoblins
  3 jackals (D:2)
  2 kobolds
  A quokka (D:2)
  8 frilled lizards
  8 rats
75 creatures vanquished.

Notes
Turn   | Place    | Note
-------+----------+-------------------------------------------
     0 | D:1      | LostNumber the Gargoyle Gladiator began the quest for the
                  | Orb.
     0 | D:1      | Reached XP level 1. HP: 12/12 MP: 1/1
   215 | D:1      | Reached XP level 2. HP: 18/18 MP: 2/2
   324 | D:1      | Reached XP level 3. HP: 22/22 MP: 3/3
   535 | D:2      | Reached skill level 4 in Maces & Flails
   664 | D:2      | Noticed Robin
   666 | D:2      | Reached XP level 4. HP: 27/28 MP: 4/4
   676 | D:2      | Killed Robin
  1317 | D:2      | Noticed an ogre
  1467 | D:3      | Reached XP level 5. HP: 28/32 MP: 5/5
  1550 | D:3      | Reached skill level 5 in Maces & Flails
  1744 | D:3      | Killed from afar by an orc wizard

Levels and vault maps discovered:
D:1:      minmay_arrival_solitary_statue, layout_basic
D:2:      minmay_chambers_of_ones, layout_loops_corners, first_ration,
          minmay_tetromino_s4, uniq_robin
D:3:      layout_loops_ring

Skill      XL: |  1  2  3  4  5 |
---------------+----------------+-----
Maces & Flails | 4 5 |  5.5
Fighting       | 3 4 |  4.1
Throwing       | |  1.7
Dodging        | |  2.4

Action                   |  1- 3 |  4- 6 || total
-------------------------+-------+-------++-------
Melee: Flail             |    94 |   115 ||   209
       Quarterstaff      |       |    56 ||    56
  Eat: Chunk             |       |     3 ||     3
Armor: Leather armour    |    42 |    42 ||    84
       Ring mail         |       |    31 ||    31
Dodge: Dodged            |    55 |    98 ||   153
